[Event "Titled Tuesday Blitz June 6 Late 2023"]
[White "Spata, German"]
[Black "Djordjevic, Dejan N"]
[WhiteFideId "113026"]
[BlackFideId "913316"]
[WhiteElo "2260"]
[BlackElo "2261"]
[Result "1-0"]
[Round "1"]
[TimeControl "180+2"]
[Date "2023.06.07"]
[WhiteClock "0:00:09"]
[BlackClock "0:00:01"]
[Board "164"]

1. Nc3 c5 2. Nf3 Nc6 3. d4 cxd4 4. Nxd4 Nf6 5. Bg5 a6 6. e4 d6 7. Qd3 Qb6 8. O-O-O Ne5 9. Qg3 Bd7 10. f4 Nc6 11. Bxf6 gxf6 12. Nd5 Qa5 13. Kb1 Rc8 14. Nb3 Qd8 15. Bd3 b5 16. Rhe1 h5 17. Qf2 Rb8 18. Nd4 h4 19. g3 hxg3 20. hxg3 e6 21. Nxc6 Bxc6 22. f5 Bxd5 23. exd5 e5 24. Rh1 Rg8 25. Rh7 Qc7 26. Be2 Rg7 27. Rxg7 Bxg7 28. Qf3 Bh6 29. Qh5 Be3 30. Qh7 Ke7 31. Bh5 Rf8 32. Be2 Qc5 33. Qh1 Rg8 34. g4 a5 35. Qe4 a4 36. a3 Bd4 37. Qd3 b4 38. axb4 Qxb4 39. c3 Bxc3 40. Qxc3 1-0


[Site "https://www.chess.com"]

[Event "Titled Tuesday Blitz June 6 Late 2023"]
[White "Araujo Filho, Luiz Antonio Coel"]
[Black "Becerra, Juan David"]
[WhiteFideId "2130661"]
[BlackFideId "4404998"]
[WhiteElo "2056"]
[BlackElo "2304"]
[Result "0-1"]
[Round "1"]
[TimeControl "180+2"]
[Date "2023.06.07"]
[WhiteClock "0:00:01"]
[BlackClock "0:00:24"]
[Board "165"]

1. d4 Nf6 2. Nf3 d5 3. e3 e6 4. Bd3 Bd6 5. Nbd2 O-O 6. Qe2 b6 7. e4 dxe4 8. Nxe4 Nbd7 9. O-O Bb7 10. Nxd6 cxd6 11. c3 h6 12. Bf4 Ne8 13. Bc2 Qf6 14. Bg3 Bxf3 15. gxf3 h5 16. Rfe1 g6 17. Qe3 d5 18. Bf4 Ng7 19. Bg5 Nf5 20. Qf4 Qg7 21. Bxf5 exf5 22. Bh6 Qf6 23. Bxf8 Nxf8 24. Kh1 Rd8 25. Re5 Ne6 26. Qd2 Rd6 27. Rg1 Kh7 28. Qe3 b5 29. Qd3 a6 30. Rg3 Qh4 31. Qe2 Qf4 32. h3 Qc1+ 33. Kh2 h4 34. Rg1 Qf4+ 35. Kh1 Ng5 36. Re3 Nxh3 37. Rg2 Qh6 38. Re7 Rf6 39. Qe5 Kg7 40. f4 Nxf4 41. Rh2 h3 42. Qc7 Ne6 43. Qe5 Qc1+ 0-1


[Site "https://www.chess.com"]

[Event "Titled Tuesday Blitz June 6 Late 2023"]
[White "Trifan, Andrei Ioan"]
[Black "campochess"]
[WhiteFideId "12967068"]
[WhiteElo "2208"]
[BlackElo "2157"]
[Result "1-0"]
[Round "1"]
[TimeControl "180+2"]
[Date "2023.06.07"]
[WhiteClock "0:01:21"]
[BlackClock "0:01:25"]
[Board "166"]

1. e4 c5 2. Nf3 Nc6 3. Nc3 g6 4. Bd3 Bg7 5. O-O d6 6. Re1 Nf6 7. Bf1 Nd7 8. d3 O-O 9. g3 Rb8 10. a4 a6 11. Bg2 b5 12. axb5 axb5 13. Bg5 h6 14. Be3 b4 15. Nd5 e6 16. Nf4 Bxb2 17. Ne2 Bg7 18. Qd2 Kh7 19. Rab1 Nf6 20. h3 Ba6 21. g4 c4 22. Ng3 c3 23. Qc1 Ng8 24. Bf1 e5 25. h4 Nd4 26. Bxd4 exd4 27. g5 h5 28. Bh3 Bc8 29. Bxc8 Qxc8 30. Qf4 Qe6 31. e5 d5 32. Nxd4 Qg4 33. Qxg4 hxg4 34. Nc6 Rb7 35. Rxb4 Rc7 36. Nd4 Ne7 37. Nb3 Nc6 38. Rxg4 Nxe5 39. Rf4 f5 40. Nd4 Ng4 41. Ne6 Re7 42. Nxf8+ Bxf8 43. Rxe7+ Bxe7 44. Nxf5 gxf5 45. Rxf5 Bc5 46. Kg2 Kg6 47. Rxd5 Bxf2 48. Kf3 Kh5 49. g6+ Kxh4 50. g7 Nf6 51. Kxf2 Nxd5 52. g8=Q 1-0


[Site "https://www.chess.com"]

[Event "Titled Tuesday Blitz June 6 Late 2023"]
[White "Lopez Perdomo, Juan David"]
[Black "Poltorak, Sebastian"]
[WhiteFideId "4405137"]
[BlackFideId "1199498"]
[WhiteElo "1965"]
[BlackElo "2195"]
[Result "0-1"]
[Round "1"]
[TimeControl "180+2"]
[Date "2023.06.07"]
[WhiteClock "0:00:02"]
[BlackClock "0:00:38"]
[Board "167"]

1. d4 Nf6 2. c4 g6 3. Nc3 d5 4. e3 Bg7 5. Bd3 O-O 6. Nge2 c5 7. O-O cxd4 8. Nxd4 e5 9. Nb3 d4 10. exd4 exd4 11. Ne4 Nxe4 12. Bxe4 Nc6 13. Nc5 Qe7 14. Bxc6 Qxc5 15. Bd5 Be6 16. Bxe6 fxe6 17. Qd3 Rac8 18. b3 Qf5 19. Rd1 Qxf2+ 20. Kh1 e5 21. Ba3 Rfe8 22. Qe4 Rc7 23. Rf1 Qe3 24. Qd5+ Kh8 25. Rae1 Qg5 26. Rf7 Rxf7 27. Qxf7 Qd8 28. Qxb7 d3 29. Qe4 d2 30. Rd1 Rf8 31. Kg1 Rf4 32. Qe3 Rd4 33. Bb4 Rd3 34. Qe2 Qd4+ 0-1


[Site "https://www.chess.com"]

[Event "Titled Tuesday Blitz June 6 Late 2023"]
[White "Machidon, Cristi"]
[Black "Tarnowska, Aleksandra"]
[WhiteFideId "13904590"]
[BlackFideId "1180967"]
[WhiteElo "2355"]
[BlackElo "1776"]
[Result "1-0"]
[Round "1"]
[TimeControl "180+2"]
[Date "2023.06.07"]
[WhiteClock "0:00:54"]
[BlackClock "0:00:02"]
[Board "168"]

1. e4 c5 2. Nf3 e6 3. d4 cxd4 4. Nxd4 a6 5. Nc3 Qc7 6. Qf3 Nc6 7. Be3 Nf6 8. Nxc6 dxc6 9. Qg3 Qxg3 10. hxg3 e5 11. f3 Bb4 12. O-O-O Be6 13. a3 Bxc3 14. bxc3 Rd8 15. Rd3 b5 16. g4 O-O 17. g5 Nd7 18. Rd6 Nb8 19. Bc5 Rfe8 20. Be2 f6 21. gxf6 gxf6 22. g4 Rxd6 23. Bxd6 Rd8 24. Be7 Rd7 25. Bxf6 c5 26. Bxe5 Nc6 27. Bf4 Rf7 28. Be3 c4 29. Rh6 Bd7 30. f4 Ne7 31. f5 Kg7 32. e5 Bc8 33. f6+ 1-0


[Site "https://www.chess.com"]

[Event "Titled Tuesday Blitz June 6 Late 2023"]
[White "Winkels, Marcel"]
[Black "Molenda, Marcin"]
[WhiteFideId "1003887"]
[BlackFideId "1173065"]
[WhiteElo "1900"]
[BlackElo "2286"]
[Result "0-1"]
[Round "1"]
[TimeControl "180+2"]
[Date "2023.06.07"]
[WhiteClock "0:00:01"]
[BlackClock "0:01:39"]
[Board "169"]

1. e4 c6 2. d4 d5 3. f3 Nd7 4. Nc3 dxe4 5. fxe4 e5 6. Nf3 exd4 7. Qxd4 Ngf6 8. Bg5 Bc5 9. Qd3 h6 10. Bh4 Qa5 11. O-O-O O-O 12. g4 Bb4 13. a3 Bxc3 14. Qxc3 Qxc3 15. bxc3 Nxe4 16. Kb2 g5 17. Be1 Ndc5 18. h3 Be6 19. Bd3 Na4+ 20. Ka1 Naxc3 21. Bxc3 Nxc3 22. Rde1 Rfe8 23. Ne5 Nd5 24. h4 Nf4 25. Be4 Bd5 26. Bxd5 cxd5 27. hxg5 hxg5 28. Nf3 Rxe1+ 29. Rxe1 f6 30. Nd4 Kf7 31. Nf5 Ne6 32. Rh1 Ng7 33. Ne3 d4 34. Nd5 Rd8 35. Nb4 a5 36. Nd3 Kg6 37. Rf1 Ne6 38. Re1 Nf4 39. Nb2 Rc8 40. Kb1 Rc3 41. Re4 d3 0-1


[Site "https://www.chess.com"]

[Event "Titled Tuesday Blitz June 6 Late 2023"]
[White "Chylewski, Patryk"]
[Black "Miller, Ike S"]
[WhiteFideId "1186191"]
[BlackFideId "2022532"]
[WhiteElo "2163"]
[BlackElo "2130"]
[Result "1-0"]
[Round "1"]
[TimeControl "180+2"]
[Date "2023.06.07"]
[WhiteClock "0:00:11"]
[BlackClock "0:00:06"]
[Board "170"]

1. e4 c5 2. Nf3 d6 3. c3 Nf6 4. h3 a6 5. Bd3 g6 6. Bc2 Bg7 7. O-O b5 8. d4 O-O 9. Re1 Bb7 10. Bg5 Re8 11. a4 b4 12. Nbd2 a5 13. e5 dxe5 14. dxe5 Nd5 15. Ne4 Na6 16. Bb3 Nb6 17. Qe2 c4 18. Bxc4 Nxc4 19. Qxc4 Rc8 20. Qb5 Qd5 21. Rad1 Qxb5 22. axb5 Bxe4 23. Rxe4 Nc5 24. Rc4 bxc3 25. bxc3 Ne6 26. Rxc8 Rxc8 27. Bxe7 Rxc3 28. Rb1 Rc7 29. Bd6 Rb7 30. Nd2 Nd4 31. b6 Nc6 32. Nc4 Bf8 33. Bc7 Bc5 34. Nd6 Bxd6 35. exd6 Kf8 36. Re1 a4 37. d7 a3 38. d8=Q+ Nxd8 39. Bxd8 Rd7 40. Bc7 a2 41. b7 Rxc7 42. b8=Q+ Kg7 43. Qxc7 1-0


[Site "https://www.chess.com"]

[Event "Titled Tuesday Blitz June 6 Late 2023"]
[White "Cluke86"]
[Black "Reprintsev, Alexander"]
[BlackFideId "14100541"]
[WhiteElo "2126"]
[BlackElo "2229"]
[Result "1-0"]
[Round "1"]
[TimeControl "180+2"]
[Date "2023.06.07"]
[WhiteClock "0:01:24"]
[BlackClock "0:02:00"]
[Board "171"]

1. e4 d5 2. exd5 Qxd5 3. Nc3 Qa5 4. Bc4 Nf6 5. d4 Bg4 6. Nf3 Qf5 7. h3 Bxf3 8. Qxf3 Qxf3 9. gxf3 Nc6 10. Bb5 O-O-O 11. Bxc6 bxc6 12. Be3 g6 13. Ne4 Bg7 14. O-O-O Nh5 15. Rhg1 f5 16. Ng5 f4 17. Bd2 Bxd4 18. Nf7 Bxf2 19. Rg2 Bg3 20. Nxh8 Rxh8 21. Bc3 Rf8 22. Re2 Rf7 23. Re6 Kb7 24. Rd7 Bf2 25. Be5 Bb6 26. Rexe7 Rxe7 27. Rxe7 Ng3 28. Bxf4 Ne2+ 29. Rxe2 1-0


[Site "https://www.chess.com"]

[Event "Titled Tuesday Blitz June 6 Late 2023"]
[White "Sargsyan, Anna M."]
[Black "Hartikainen, Jarmo"]
[WhiteFideId "13308130"]
[BlackFideId "503134"]
[WhiteElo "2284"]
[BlackElo "2120"]
[Result "1-0"]
[Round "1"]
[TimeControl "180+2"]
[Date "2023.06.07"]
[WhiteClock "0:02:28"]
[BlackClock "0:00:39"]
[Board "172"]

1. d4 Nf6 2. c4 e6 3. Nf3 b6 4. g3 Bb7 5. Bg2 Bb4+ 6. Nbd2 a5 7. O-O O-O 8. Qc2 d5 9. Ne5 Nbd7 10. Ndf3 dxc4 11. Nxd7 Nxd7 12. Ng5 Qxg5 13. Bxg5 Bxg2 14. Kxg2 b5 15. b3 Nb6 16. Bd2 Bxd2 17. Qxd2 Rfd8 18. e3 c5 19. bxc4 Nxc4 20. Qc3 cxd4 21. exd4 Rac8 22. Qd3 b4 23. Rac1 Nd6 24. Rxc8 Rxc8 25. Qa6 Rd8 26. Qxa5 Nc4 27. Qxd8# 1-0


[Site "https://www.chess.com"]

[Event "Titled Tuesday Blitz June 6 Late 2023"]
[White "Levine, David"]
[Black "Ozates, Tuna"]
[WhiteFideId "2011611"]
[BlackFideId "6354521"]
[WhiteElo "2102"]
[BlackElo "2151"]
[Result "0-1"]
[Round "1"]
[TimeControl "180+2"]
[Date "2023.06.07"]
[WhiteClock "0:01:26"]
[BlackClock "0:02:09"]
[Board "173"]

1. d4 f5 2. g3 Nf6 3. Bg2 e6 4. c4 Be7 5. Nf3 O-O 6. O-O d6 7. Nc3 a5 8. Re1 Qe8 9. e4 fxe4 10. Nxe4 Nxe4 11. Rxe4 Qg6 12. Re2 Nc6 13. Be3 e5 14. Qd2 Bg4 15. Ne1 Bxe2 16. Qxe2 exd4 17. Bxd4 Nxd4 18. Qxe7 Rae8 19. Qxc7 Ne2+ 20. Kf1 Qh5 21. Qxd6 Qxh2 22. Qd5+ Kh8 23. Nf3 Qg1+ 24. Nxg1 Nxg3# 0-1


[Site "https://www.chess.com"]

[Event "Titled Tuesday Blitz June 6 Late 2023"]
[White "MKlose11"]
[Black "Torres Dominguez, David"]
[BlackFideId "2220857"]
[WhiteElo "2544"]
[BlackElo "1999"]
[Result "0-1"]
[Round "1"]
[TimeControl "180+2"]
[Date "2023.06.07"]
[WhiteClock "0:00:04"]
[BlackClock "0:01:15"]
[Board "174"]

1. e4 Nc6 2. Nf3 e5 3. d4 exd4 4. Bc4 Bc5 5. Ng5 Nh6 6. Nxf7 Nxf7 7. Bxf7+ Kxf7 8. Qh5+ g6 9. Qxc5 d5 10. e5 Qe7 11. Qxd5+ Be6 12. Qf3+ Kg7 13. Bf4 Rhf8 14. Qg3 Qb4+ 15. Nd2 Qxb2 16. O-O Qxc2 17. Bg5 Qf5 18. Bf6+ Kg8 19. Rab1 b6 20. Rbc1 Bd5 21. Nf3 Rae8 22. Rfe1 d3 23. Rc3 Bxf3 24. gxf3 Rxf6 25. Re3 Rfe6 26. Rexd3 Nxe5 27. Rd5 Nxf3+ 28. Qxf3 Re1+ 29. Kg2 Qxf3+ 30. Rxf3 R8e7 31. Rd8+ Kg7 32. Rff8 R1e2 33. Rg8+ Kh6 34. Rd3 R2e5 35. Kf1 Rf5 36. Rh3+ Rh5 37. Rxh5+ Kxh5 38. Kg2 Kh6 39. Kg3 Kg5 40. h4+ Kh6 41. Kg4 a5 42. f4 Rf7 43. a4 Rd7 44. Re8 Kg7 45. Re6 Kf7 46. Rc6 h5+ 47. Kg5 Rd5+ 48. Kh6 Rd6 49. Rxc7+ Kf6 50. Rg7 Kf5 51. Rg8 Kxf4 52. Rxg6 Rxg6+ 53. Kxg6 Kg4 54. Kf6 Kxh4 55. Ke5 Kg3 56. Kd4 h4 0-1


[Site "https://www.chess.com"]

[Event "Titled Tuesday Blitz June 6 Late 2023"]
[White "Tsukerman, Julia"]
[Black "Bilan, Danila"]
[WhiteFideId "2621649"]
[BlackFideId "24161918"]
[WhiteElo "1667"]
[BlackElo "2146"]
[Result "0-1"]
[Round "1"]
[TimeControl "180+2"]
[Date "2023.06.07"]
[WhiteClock "0:00:17"]
[BlackClock "0:00:06"]
[Board "175"]

1. e4 c6 2. d4 d5 3. exd5 cxd5 4. Bd3 Nc6 5. c3 Qc7 6. h3 g6 7. Nf3 Bf5 8. Be2 Nf6 9. Nbd2 Bg7 10. Nf1 Ne4 11. Ne3 Be6 12. O-O O-O 13. Bd3 f5 14. Qe2 Bf7 15. Re1 Rfe8 16. Bd2 e5 17. dxe5 Nxe5 18. Nxe5 Bxe5 19. Rad1 Bh2+ 20. Kh1 f4 21. Nf1 Ng3+ 22. Nxg3 Rxe2 23. Nxe2 f3 24. gxf3 Re8 25. Kg2 Bd6 26. Ng3 Rxe1 27. Rxe1 Bf4 28. Be3 h5 29. Re2 h4 30. Nf1 Kh7 31. Bxf4 Qxf4 32. Nh2 d4 33. cxd4 Bd5 34. Be4 Qg5+ 35. Ng4 Bxa2 36. Bxb7 Bc4 37. Rc2 Bd3 38. Rc7+ Kg8 39. Rc8+ Kf7 40. Rc7+ Ke6 41. Rc6+ Kd7 42. Rc5 Qd2 43. Rd5+ Kc7 44. Rc5+ Kxb7 45. Rc3 Qd1 46. Ne5 Qf1+ 47. Kh2 Qxf2+ 48. Kh1 Bf1 0-1


[Site "https://www.chess.com"]

[Event "Titled Tuesday Blitz June 6 Late 2023"]
[White "Novikov, Evgenij"]
[Black "dorpato"]
[WhiteFideId "4125380"]
[WhiteElo "2242"]
[BlackElo "2060"]
[Result "1-0"]
[Round "1"]
[TimeControl "180+2"]
[Date "2023.06.07"]
[WhiteClock "0:00:58"]
[BlackClock "0:00:24"]
[Board "176"]

1. d4 Nf6 2. c4 g6 3. Nc3 d5 4. cxd5 Nxd5 5. Bd2 Bg7 6. e4 Nxc3 7. Bxc3 c5 8. Nf3 cxd4 9. Bxd4 Bxd4 10. Qxd4 Qxd4 11. Nxd4 Bd7 12. Bb5 O-O 13. O-O Bxb5 14. Nxb5 Nc6 15. Rfd1 Rad8 16. Kf1 a6 17. Nc3 e6 18. Ke2 Ne5 19. Rxd8 Rxd8 20. Rd1 Rxd1 21. Nxd1 Kf8 22. f4 Nc4 23. b3 Nd6 24. Nc3 Ke7 25. g4 b5 26. e5 Nb7 27. Ne4 Kd7 28. Nf6+ Kc6 29. Nxh7 Kd5 30. Kd3 Nc5+ 31. Ke3 Ne4 32. Nf6+ Nxf6 33. exf6 e5 34. h4 Ke6 35. g5 Kf5 36. fxe5 Kxe5 37. b4 Kf5 38. Kf3 Ke5 39. Kg4 Ke4 40. h5 gxh5+ 41. Kxh5 Kf5 42. Kh6 Ke6 43. Kg7 Kf5 44. Kxf7 Kxg5 45. Kg7 Kh5 46. f7 1-0


[Site "https://www.chess.com"]

[Event "Titled Tuesday Blitz June 6 Late 2023"]
[White "NtcPou"]
[Black "Khandelwal, Ankush"]
[BlackFideId "413470"]
[WhiteElo "2056"]
[BlackElo "2263"]
[Result "0-1"]
[Round "1"]
[TimeControl "180+2"]
[Date "2023.06.07"]
[WhiteClock "0:00:12"]
[BlackClock "0:00:06"]
[Board "177"]

1. e4 d6 2. d4 Nf6 3. Bd3 e5 4. c3 d5 5. dxe5 Nxe4 6. Nf3 Nc6 7. Nbd2 Nc5 8. Bc2 Bg4 9. h3 Bh5 10. g4 Bg6 11. Nb3 Be4 12. Nxc5 Bxc5 13. Bxe4 dxe4 14. Qxd8+ Rxd8 15. Ng5 Nxe5 16. Nxe4 Nd3+ 17. Ke2 Nxc1+ 18. Raxc1 Be7 19. Rcd1 O-O 20. Rxd8 Rxd8 21. Rd1 Rxd1 22. Kxd1 f6 23. b3 b5 24. Ke2 Kf7 25. Kd3 Ke6 26. Kd4 f5 27. Ng3 c5+ 28. Ke3 g6 29. gxf5+ gxf5 30. Kf4 Bd6+ 31. Kg5 Bxg3 32. fxg3 Ke5 33. h4 Ke4 34. h5 Kd3 35. Kh6 Kxc3 36. Kxh7 c4 37. bxc4 bxc4 38. Kg7 Kd3 39. h6 c3 40. h7 c2 41. h8=Q c1=Q 42. Qd8+ Ke4 43. Qe7+ Kf3 44. Qc7 Qxc7+ 0-1


[Site "https://www.chess.com"]

[Event "Titled Tuesday Blitz June 6 Late 2023"]
[White "Risteski, Emil"]
[Black "Eisa Mohmood, Alkhoori"]
[WhiteFideId "15005267"]
[BlackFideId "9316116"]
[WhiteElo "2251"]
[BlackElo "1364"]
[Result "1-0"]
[Round "1"]
[TimeControl "180+2"]
[Date "2023.06.07"]
[WhiteClock "0:02:10"]
[BlackClock "0:00:04"]
[Board "178"]

1. c4 Nf6 2. Nc3 d5 3. cxd5 Nxd5 4. e4 Nxc3 5. dxc3 Qxd1+ 6. Kxd1 e5 7. Kc2 Bc5 8. f3 Be6 9. b4 Bb6 10. a4 a6 11. Ne2 O-O 12. Ng3 Nc6 13. a5 Bf2 14. Bd3 Rfd8 15. Bb2 Bb3+ 16. Kxb3 Rxd3 17. Kc2 Rad8 18. Rad1 Rxd1 19. Rxd1 Rxd1 20. Kxd1 Bxg3 21. hxg3 f6 22. Bc1 Kf7 23. Be3 Ke6 24. Kc2 f5 25. exf5+ Kxf5 26. g4+ Ke6 27. Kd3 Ne7 28. c4 Nc6 29. Bd2 Nd4 30. Bc3 Nc6 31. b5 Na7 32. bxa6 bxa6 33. Ke4 c5 34. Bxe5 Nc6 35. Bc3 g6 36. f4 Kd6 37. f5 gxf5+ 38. gxf5 h6 39. g4 Nd8 40. Bd2 Nf7 41. Bf4+ Kc6 42. f6 Kd7 43. Kf5 Nd8 44. Bxh6 Ne6 45. Be3 Kd6 46. g5 Kd7 47. g6 Kd6 48. g7 Kd7 49. g8=Q 1-0


[Site "https://www.chess.com"]

[Event "Titled Tuesday Blitz June 6 Late 2023"]
[White "Dmitriev, Sergey"]
[Black "Vovk, Orest"]
[WhiteFideId "14101785"]
[BlackFideId "14113490"]
[WhiteElo "2132"]
[BlackElo "2215"]
[Result "0-1"]
[Round "1"]
[TimeControl "180+2"]
[Date "2023.06.07"]
[WhiteClock "0:01:40"]
[BlackClock "0:01:22"]
[Board "179"]

1. d4 h6 2. Nf3 g5 3. e4 Bg7 4. Bc4 c5 5. d5 d6 6. c3 Nd7 7. O-O Ne5 8. Nxe5 Bxe5 9. f4 gxf4 10. Bxf4 Bxf4 11. Rxf4 Nf6 12. Nd2 Bd7 13. Qe2 Qb6 14. b3 O-O-O 15. Rb1 Rhg8 16. g3 h5 17. Kh1 Bg4 18. Qe3 h4 19. Rg1 hxg3 20. Rxg3 Bd7 21. Rxg8 Rxg8 22. e5 Ng4 23. Qe2 Nxe5 24. Nf3 Bg4 25. Qe3 Bxf3+ 26. Rxf3 Nxf3 27. Qxf3 f6 28. Qe3 Qd8 29. Qe6+ Kb8 30. Bb5 Qf8 31. Qd7 Qg7 0-1


[Site "https://www.chess.com"]

[Event "Titled Tuesday Blitz June 6 Late 2023"]
[White "Semenova, Alina"]
[Black "SergioMoralesG"]
[WhiteFideId "24113875"]
[WhiteElo "1833"]
[BlackElo "2533"]
[Result "1-0"]
[Round "1"]
[TimeControl "180+2"]
[Date "2023.06.07"]
[WhiteClock "0:00:12"]
[BlackClock "0:00:01"]
[Board "181"]

1. e4 c5 2. Nf3 d6 3. d4 cxd4 4. Nxd4 Nf6 5. Nc3 a6 6. f3 e5 7. Nb3 Be6 8. Be3 d5 9. exd5 Nxd5 10. Nxd5 Qxd5 11. Qxd5 Bxd5 12. O-O-O Bxb3 13. cxb3 Nc6 14. Bd3 Be7 15. Be4 Rc8 16. Kb1 O-O 17. g4 Rfd8 18. Bb6 Rxd1+ 19. Rxd1 Nd4 20. Bxb7 Rb8 21. Bxd4 exd4 22. Bxa6 Bf6 23. Bc4 Kf8 24. a4 Ke7 25. a5 Kd6 26. Bxf7 Kc5 27. Bc4 h6 28. Kc2 Re8 29. a6 Kb6 30. Ra1 Ka7 31. Ra5 Re3 32. Rf5 Re1 33. Kd3 Re3+ 34. Kd2 Bg5 35. Kc2 Bf6 36. b4 Re1 37. b5 Rh1 38. Rd5 Rxh2+ 39. Kb3 Rf2 40. Rd7+ Kb6 41. a7 Rxf3+ 42. Ka4 d3 43. a8=Q 1-0


[Site "https://www.chess.com"]

[Event "Titled Tuesday Blitz June 6 Late 2023"]
[White "Perske, Thore"]
[Black "Castillo Pena, Patricia Evarista"]
[WhiteFideId "12902195"]
[BlackFideId "6412106"]
[WhiteElo "2336"]
[BlackElo "1859"]
[Result "1-0"]
[Round "1"]
[TimeControl "180+2"]
[Date "2023.06.07"]
[WhiteClock "0:01:28"]
[BlackClock "0:00:02"]
[Board "182"]

1. d4 d5 2. Nf3 Nf6 3. g3 c6 4. c4 e6 5. Bg2 Nbd7 6. O-O Be7 7. Nc3 O-O 8. Nd2 e5 9. dxe5 Nxe5 10. cxd5 cxd5 11. Nf3 Nxf3+ 12. Bxf3 Be6 13. Bf4 Bb4 14. Rc1 Qa5 15. a3 Bxc3 16. Rxc3 Rac8 17. b4 Qb6 18. Be5 Rxc3 19. Bxc3 Ne4 20. Bd4 Qc7 21. Qa1 f6 22. Rc1 Qf7 23. Bxa7 Nd2 24. Rc3 Nxf3+ 25. Rxf3 Bg4 26. Re3 Re8 27. Qd4 Rxe3 28. Qxe3 h5 29. a4 Qc7 30. Bc5 Qc6 31. b5 Qe6 32. a5 1-0


[Site "https://www.chess.com"]

[Event "Titled Tuesday Blitz June 6 Late 2023"]
[White "Vargas, Mauricio"]
[Black "WindWhistler11"]
[WhiteFideId "4404572"]
[WhiteElo "1986"]
[BlackElo "2533"]
[Result "0-1"]
[Round "1"]
[TimeControl "180+2"]
[Date "2023.06.07"]
[WhiteClock "0:00:05"]
[BlackClock "0:01:25"]
[Board "183"]

1. e4 d6 2. f4 Nd7 3. Nf3 g6 4. Nc3 Bg7 5. Bc4 e6 6. O-O a6 7. a4 Ne7 8. d3 c6 9. d4 d5 10. Be2 O-O 11. Qe1 c5 12. dxc5 Nxc5 13. Be3 Nxe4 14. Nxe4 dxe4 15. Rd1 Qc7 16. c3 exf3 17. Bxf3 Bd7 18. a5 Nf5 19. Bb6 Qc8 20. g4 Ne7 21. Qh4 Nd5 22. Bxd5 exd5 23. Rxd5 Bxg4 24. Rc5 Qd7 25. Rc7 Qe6 26. Re1 Qf5 27. Rf1 Bf6 28. Qg3 Rae8 0-1


[Site "https://www.chess.com"]

[Event "Titled Tuesday Blitz June 6 Late 2023"]
[White "Liu, Casper"]
[Black "Sanchez, Robert"]
[WhiteFideId "1454153"]
[BlackFideId "2034360"]
[WhiteElo "2221"]
[BlackElo "1845"]
[Result "0-1"]
[Round "1"]
[TimeControl "180+2"]
[Date "2023.06.07"]
[WhiteClock "0:01:58"]
[BlackClock "0:01:29"]
[Board "184"]

1. e4 e6 2. Nf3 d5 3. e5 c5 4. c3 Nc6 5. d4 Bd7 6. Bd3 Qb6 7. dxc5 Bxc5 8. b4 Bxf2+ 9. Ke2 f6 10. Rf1 fxe5 11. Rxf2 e4 12. Be3 exd3+ 13. Qxd3 Qc7 14. Na3 a6 15. b5 Ne5 16. Qd4 Ng6 17. b6 Qd6 18. Qxg7 Qxa3 19. Qxh8 Nxh8 0-1


[Site "https://www.chess.com"]

[Event "Titled Tuesday Blitz June 6 Late 2023"]
[White "Nihal Sarin"]
[Black "Popilski, Gil"]
[WhiteFideId "25092340"]
[BlackFideId "2809060"]
[WhiteElo "2689"]
[BlackElo "2537"]
[Result "1-0"]
[Round "2"]
[TimeControl "180+2"]
[Date "2023.06.07"]
[WhiteClock "0:00:05"]
[BlackClock "0:00:05"]
[Board "1"]

1. e4 c5 2. Nf3 g6 3. g3 Bg7 4. Bg2 Nc6 5. O-O d6 6. c3 e5 7. d3 Nge7 8. a3 O-O 9. Re1 f5 10. b4 f4 11. Bb2 h6 12. d4 g5 13. d5 Nb8 14. bxc5 dxc5 15. c4 Ng6 16. Nc3 g4 17. Nd2 f3 18. Bf1 Nd7 19. Nb3 b6 20. a4 a5 21. Nb5 Nf6 22. d6 Bb7 23. Nc7 Qd7 24. Nxa8 Bxa8 25. Ra3 Nxe4 26. Qc2 Qf5 27. d7 Rd8 28. Bd3 Qh5 29. Bf1 Ng5 30. Rd1 Be4 31. Qd2 Nh3+ 32. Kh1 Bf6 33. Qe1 Bc6 34. Nd2 Bg5 35. Rd3 e4 36. Rd6 Nxf2+ 37. Qxf2 e3 38. Rxc6 exf2 39. Ne4 Bf4 40. Nf6+ Kf7 41. Nxh5 Bxg3 42. Rf6+ Ke7 43. Rxg6 1-0


[Site "https://www.chess.com"]

[Event "Titled Tuesday Blitz June 6 Late 2023"]
[White "Lopez Mulet, Inigo"]
[Black "Nepomniachtchi, Ian"]
[WhiteFideId "22235620"]
[BlackFideId "4168119"]
[WhiteElo "2302"]
[BlackElo "2781"]
[Result "1/2-1/2"]
[Round "2"]
[TimeControl "180+2"]
[Date "2023.06.07"]
[WhiteClock "0:00:57"]
[BlackClock "0:00:18"]
[Board "2"]

1. Nf3 b6 2. d4 Bb7 3. e3 g6 4. Bd3 Nf6 5. Nbd2 Bg7 6. b3 O-O 7. Bb2 d6 8. a4 a6 9. a5 b5 10. c4 bxc4 11. bxc4 e6 12. O-O Nc6 13. Bc3 Rb8 14. Rb1 Nd7 15. Qc2 Qe7 16. Rb2 Ba8 17. Rfb1 Rxb2 18. Rxb2 f5 19. e4 e5 20. d5 fxe4 21. Nxe4 Nd4 22. Bxd4 exd4 23. Nfg5 Nc5 24. Rb1 Nxe4 25. Nxe4 c6 26. dxc6 Bxc6 27. f3 Bh6 28. Rb6 Be3+ 29. Kh1 Qh4 30. g3 Qh5 31. Qg2 Bxe4 32. Bxe4 Qxa5 33. Rb1 Qc3 34. Qh3 Qxc4 35. Qd7 Qf7 36. Qxd6 Qf6 37. Qd5+ Kh8 38. Kg2 Bh6 39. Rb7 Bg7 40. Qd7 Rd8 41. Qc7 d3 42. Rb8 Rxb8 43. Qxb8+ Qf8 44. Qxf8+ Bxf8 45. Bxd3 a5 46. Bb5 Kg7 47. Kf2 Kf6 48. h3 Ke5 49. Ke3 Bc5+ 50. Kd3 Bf2 51. g4 Kf4 52. Ke2 Bc5 53. h4 h6 54. Be8 g5 55. hxg5 hxg5 56. Bc6 Ke5 57. Kd3 Kd6 58. Bb5 Bf2 59. Kc4 Bg3 60. Kb3 Bf4 61. Ka4 Bd2 62. Bd3 1/2-1/2


[Site "https://www.chess.com"]

[Event "Titled Tuesday Blitz June 6 Late 2023"]
[White "Kollars, Dmitrij"]
[Black "Injac, Teodora"]
[WhiteFideId "12909572"]
[BlackFideId "932400"]
[WhiteElo "2584"]
[BlackElo "2269"]
[Result "1-0"]
[Round "2"]
[TimeControl "180+2"]
[Date "2023.06.07"]
[WhiteClock "0:00:14"]
[BlackClock "0:00:01"]
[Board "3"]

1. e4 c5 2. c3 e6 3. d4 d5 4. exd5 exd5 5. Nf3 Nc6 6. Bb5 Bd6 7. dxc5 Bxc5 8. O-O Ne7 9. Nbd2 O-O 10. Nb3 Bb6 11. Re1 h6 12. h3 Bf5 13. Be3 Be4 14. Nfd4 Rc8 15. Nxc6 bxc6 16. Ba6 Rb8 17. Nc5 Nf5 18. Nxe4 Nxe3 19. fxe3 dxe4 20. Bc4 Qg5 21. Qe2 Bc7 22. Rad1 Qg3 23. Bb3 Rb5 24. Qf2 Qh2+ 25. Kf1 Bg3 26. Qg1 Qxg1+ 27. Kxg1 Bxe1 28. Rxe1 a5 29. Re2 Rfb8 30. Rf2 R8b7 31. Rf4 Re5 32. Rf2 g6 33. Rf6 Rc7 34. Rxg6+ Kh7 35. Rd6 Kg7 36. Kf2 c5 37. Bc4 Rb7 38. b3 h5 39. h4 Kh7 40. a4 Rf5+ 41. Kg1 Re7 42. Ra6 Kg7 43. Rxa5 Rfe5 44. Rb5 Ra7 45. a5 f5 46. b4 Kf6 47. Rb6+ Ke7 48. a6 Kd8 49. b5 f4 50. exf4 Ree7 51. Rd6+ Kc7 52. Rg6 Kb8 53. b6 Rxa6 54. Bxa6 1-0


[Site "https://www.chess.com"]

[Event "Titled Tuesday Blitz June 6 Late 2023"]
[White "MaryanKyrychenko"]
[Black "Martinez Alcantara, Jose Eduardo"]
[BlackFideId "3805662"]
[WhiteElo "2631"]
[BlackElo "2711"]
[Result "0-1"]
[Round "2"]
[TimeControl "180+2"]
[Date "2023.06.07"]
[WhiteClock "0:00:14"]
[BlackClock "0:01:26"]
[Board "4"]

1. e4 c5 2. Nc3 Nc6 3. f4 g6 4. Nf3 Bg7 5. Bb5 Nd4 6. O-O Nxb5 7. Nxb5 d5 8. e5 Bg4 9. d4 a6 10. Nc3 cxd4 11. Qxd4 e6 12. a4 Ne7 13. a5 Nc6 14. Qb6 Qxb6+ 15. axb6 Bf8 16. Na4 O-O-O 17. c3 Bxf3 18. Rxf3 d4 19. cxd4 Nxd4 20. Rf1 Kb8 21. Rb1 Bb4 22. Be3 Rd7 23. Nc3 Bxc3 24. bxc3 Ne2+ 25. Kf2 Nxc3 26. Rbc1 Rc8 27. Kf3 Rd3 28. Kf2 Nd5 29. Rxc8+ Kxc8 30. Rc1+ Rc3 31. Rxc3+ Nxc3 32. Kg3 Nd5 33. Bd4 Kd7 34. Kg4 h6 35. h4 h5+ 36. Kg5 a5 37. g4 hxg4 38. Kxg4 a4 39. Bc5 Kc6 40. Bd6 Kxb6 41. Kg5 Kc6 42. Kh6 Kd7 43. Kg7 Ke8 44. f5 exf5 45. e6 fxe6 46. Kxg6 Kd7 47. Be5 f4 48. h5 f3 49. h6 f2 50. h7 f1=Q 51. h8=Q Qf5+ 52. Kh6 Qh3+ 53. Kg6 Qxh8 54. Bxh8 0-1


[Site "https://www.chess.com"]